 Dungeon Crawl Stone Soup version 0.22.1-1-ga44c0e56f4 (webtiles) character file.

8590 Riddle the Fighter (level 11, -15/110 HPs)
             Began as a Formicid Chaos Knight on Oct 29, 2018.
             Demolished by a spiny frog (29 damage)
             ... on level 9 of the Dungeon.
             The game lasted 00:20:44 (8078 turns).

Riddle the Fighter (Formicid Chaos Knight)          Turns: 8078, Time: 00:20:45

Health: -15/110    AC: 16    Str: 20    XL:     11   Next: 58%
Magic:  21/21      EV:  8    Int: 12    God:    Xom [....*.]
Gold:   792        SH: 14    Dex: 10    Spells: 10/10 levels left

rFire    . . .     SeeInvis +   d - +5 quarterstaff (chaos)
rCold    + . .     Gourm    .   k - +3 shield
rNeg     . . .     Faith    +   G - +0 chain mail {rC+}
rPois    +         Spirit   .   (helmet unavailable)
rElec    .         Reflect  .   p - +0 cloak
rCorr    .         Harm     .   H - +2 pair of gloves
MR       +....     Clarity  +   (no boots)
Stlth    ..........             I - amulet of faith
HPRegen  0.28/turn              F - ring of poison resistance
MPRegen  0.17/turn              D - ring of magical power

@: no status effects
A: permanent stasis, dig shafts and tunnels, four strong arms, antennae 3,
talons 1, clarity, high mp 1, sense surroundings 1, robust 2
a: Dig, Shaft Self, Renounce Religion


You were on level 9 of the Dungeon.
You worshipped Xom.
You were a beloved toy of Xom.
You were not hungry.

You visited 2 branches of the dungeon, and saw 10 of its levels.
You also visited: Ossuary.

You collected 792 gold pieces.

Inventory:

Hand Weapons
 d - a +5 quarterstaff of chaos (weapon)
Armour
 k - a +3 shield (worn)
 p - a +0 cloak (worn)
 G - a +0 chain mail of cold resistance (worn)
 H - a +2 pair of gloves (worn)
Jewellery
 o - an uncursed amulet of regeneration
 D - a ring of magical power (right hand)
 F - a ring of poison resistance (left hand)
 I - an amulet of faith (around neck)
Wands
 n - a wand of acid (7)
 z - a wand of random effects (81)
 B - a wand of scattershot (4)
 C - a wand of iceblast (4)
 J - a wand of paralysis (17)
Scrolls
 f - 6 scrolls of identify
 q - 6 scrolls of remove curse
 u - 8 scrolls of magic mapping
 w - a scroll of enchant armour
 y - a scroll of fear
 E - a scroll of amnesia
Potions
 a - a potion of mutation {unknown}
 e - a potion of flight {unknown}
 g - 2 potions of heal wounds {unknown}
 h - a potion of degeneration {unknown}
 i - 6 potions of curing
 j - a potion of lignification {unknown}
 l - 3 potions of haste {unknown}
 m - a potion of invisibility {unknown}
 r - 2 potions of brilliance {unknown}
 s - 2 potions of agility {unknown}
 v - 2 potions of magic {unknown}
 x - a potion of cancellation {unknown}
 A - 2 potions of resistance {unknown}
Comestibles
 c - 18 rations
 t - 9 chunks of flesh


   Skills:
 + Level 10.6 Fighting
   Level 3.0(6.2) Maces & Flails
 + Level 8.5(8.8) Staves
 + Level 10.3 Armour
 - Level 0.8 Dodging
 - Level 9.0 Shields


You had 10 spell levels left.
You didn't know any spells.
Your spell library contained the following spells:

 Spells                   Type           Power        Failure   Level  Hunger
 Animate Skeleton         Necr           N/A          93%         1    ##.....
 Apportation              Tloc           #.....       93%         1    ##.....
 Confusing Touch          Hex            #.....       93%         1    ##.....
 Summon Small Mammal      Summ           #...         93%         1    ##.....
 Passwall                 Tmut/Erth      #.......     98%         2    ###....
 Sticks to Snakes         Tmut           #.......     98%         2    ###....
 Swiftness                Chrm/Air       #.......     98%         2    ###....
 Throw Flame              Conj/Fire      #.....       98%         2    ###....
 Throw Frost              Conj/Ice       #.....       98%         2    ###....


Dungeon Overview and Level Annotations

Branches:
Dungeon (9/15)             Temple (0/1) D:4            Lair (1/6) D:9
    Orc: D:9-12

Altars:
Cheibriados
Dithmenos
Fedhas
Kikubaaqudgha
Ru
Trog
Vehumet
Yredelemnul
Zin
The Shining One

Annotations:
D:8 1 runed door, bananovenc's ghost, novice GrBe


Innate Abilities, Weirdness & Mutations

You cannot be hasted, slowed, berserked, paralysed or teleported.
You can dig through walls and to a lower floor.
Your four strong arms can wield two-handed weapons with a shield.
You have a pair of large antennae on your head. (SInv)
You have sharp toenails.
You possess an exceptional clarity of mind.
You have an increased reservoir of magic. (+10% MP)
You passively map a small area around you.
You are very robust. (+20% HP)


Message History

The spiny frog is severely wounded.
The spiny frog stings you!!
* * * LOW HITPOINT WARNING * * *
Okay, then.
You hit the spiny frog.
The spiny frog seems to slow down.
You freeze the spiny frog. You claw the spiny frog.
The spiny frog is severely wounded.
The spiny frog stings you.
* * * LOW HITPOINT WARNING * * *
You are lethally poisoned!
The spiny frog poisons you!
You feel better.
The spiny frog is no longer moving slowly.
You block the spiny frog's attack. x2
You hit the spiny frog.
The spiny frog appears confused.
You claw the spiny frog, but do no damage.
The spiny frog is almost dead.
The spiny frog stings you!!
You die...
Xom cackles wildly!

#.# #)#.........).[))).........
#'##
#)################.#.......
...# #.# ############.........
...# #.# ##........÷...........
...# #.# #..........>....##'###
.).# #.# #....h.....÷....##.#
...# #.# #...###.........##.#
..(####+####...F##.........##.#
..(##..........#@#.........+..#
#.(##..........###.........####
#.(............# ##.........#
##.####........# #.........#
#.## #......### #.........#
#..# #....÷.# #.........# ##.#
#......######.........# #.#
#...........'.........#
#.###?....#######...>.....#


You could see a spiny frog (berserk).

Vanquished Creatures
  Pikel (D:5)
  Prince Ribbit (D:5)
  3 hippogriffs (D:9)
  The ghost of barcode the Ducker, an amateur SpFi of Nemelex Xobeh (D:5)
  Sigmund (D:2)
  4 hogs (D:7)
  5 yaks (D:9)
  A human (D:7)
  A hungry ghost (D:8)
  Menkaure (D:5)
  A water moccasin (D:9)
  5 orc warriors
  An ice beast (D:9)
  A sky beast (D:9)
  A slave (D:5)
  5 ogres
  4 phantoms
  13 centaurs
  A crocodile (shapeshifter) (D:5)
  A big kobold (D:9)
  6 bullfrogs
  A wyvern zombie (D:6)
  3 scorpions
  A killer bee (D:4)
  2 howler monkeys (D:4)
  7 wights
  2 crimson imps
  3 bullfrog zombies
  A quasit (D:7)
  Crazy Yiuf (D:2)
  2 jellies
  6 hounds
  8 orc priests
  3 centaur skeletons
  7 orc wizards
  4 iguanas
  3 worker ants
  2 hound zombies
  A hound skeleton (D:6)
  6 mummies (Ossuary)
  3 howler monkey zombies
  13 gnolls
  16 adders
  A howler monkey skeleton (D:9)
  2 oozes
  An adder skeleton (D:6)
  2 worms (D:2)
  6 dart slugs
  3 leopard geckos
  32 orcs
  3 ball pythons
  4 bats
  4 giant cockroaches
  A gnoll zombie (Ossuary)
  8 goblins
  7 hobgoblins
  8 jackals (D:5)
  6 quokkas
  3 frilled lizards
  A hobgoblin zombie (Ossuary)
  A jackal skeleton (D:4)
  10 kobolds
  A kobold zombie (Ossuary)
  A leopard gecko skeleton (D:4)
  4 orc zombies (Ossuary)
  2 quokka skeletons
  9 rats
  A spectral orc (D:8)
  A bush (D:4)
275 creatures vanquished.

Vanquished Creatures (collateral kills)
  2 mummies (Ossuary)
  A gnoll (D:4)
  An adder (D:4)
  An adder skeleton (D:4)
  An orc (D:4)
  A hobgoblin zombie (Ossuary)
7 creatures vanquished.

Vanquished Creatures (others)
  A crimson imp (D:5)
  A giant cockroach (D:1)
  A quokka (D:5)
  A fire vortex (D:3)
  4 plants (D:8)
8 creatures vanquished.

Grand Total: 290 creatures vanquished

Notes
Turn   | Place    | Note
-------+----------+-------------------------------------------
     0 | D:1      | Riddle the Formicid Chaos Knight began the quest for the
                  | Orb.
     0 | D:1      | Reached XP level 1. HP: 18/18 MP: 1/1
   105 | D:1      | XOM: enchant monster (good)
   116 | D:1      | Reached XP level 2. HP: 24/24 MP: 2/2
   499 | D:1      | XOM: cleaving
   518 | D:1      | XOM: give mutations
   518 | D:1      | Gained mutation: You passively map a small area around you.
                  | [Xom's grace]
   518 | D:1      | Gained mutation: You have sharp toenails. [Xom's grace]
   526 | D:1      | XOM: summons 4 hostile shadow creatures
   658 | D:1      | Reached XP level 3. HP: 29/30 MP: 3/3
   847 | D:2      | Reached skill level 1 in Shields
   995 | D:2      | Noticed Sigmund
  1026 | D:2      | Reached XP level 4. HP: 37/37 MP: 4/4
  1124 | D:2      | Killed Sigmund
  1124 | D:2      | Reached XP level 5. HP: 19/43 MP: 5/5
  1124 | D:2      | Reached XP level 6. HP: 22/50 MP: 6/6
  1348 | D:2      | XOM: fog
  1367 | D:2      | Found a snail-covered altar of Cheibriados.
  1524 | D:2      | Found a runed door.
  1583 | D:2      | XOM: god gift: 47 gold pieces
  1622 | D:2      | Noticed Crazy Yiuf
  1630 | D:2      | XOM: enchant monster (good)
  1634 | D:2      | Killed Crazy Yiuf
  1634 | D:2      | Reached skill level 5 in Fighting
  1665 | D:2      | XOM: give mutations
  1665 | D:2      | Gained mutation: You have an increased reservoir of magic.
                  | (+10% MP) [Xom's grace]
  1665 | D:2      | Gained mutation: You are robust. (+10% HP) [Xom's grace]
  1665 | D:2      | Gained mutation: You possess an exceptional clarity of
                  | mind. [Xom's grace]
  1665 | D:2      | Gained mutation: You are very robust. (+20% HP) [Xom's
                  | grace]
  2234 | D:3      | XOM: mild Fire miscast
  2378 | D:3      | Found a radiant altar of Vehumet.
  2469 | D:4      | Found a sand-covered staircase.
  2474 | Ossuary  | Entered an ossuary
  2489 | Ossuary  | XOM: summons friendly iron imp
  2500 | Ossuary  | Reached skill level 1 in Staves
  2599 | Ossuary  | Reached XP level 7. HP: 67/67 MP: 7/7
  2770 | D:4      | XOM: harmless Necr miscast
  2778 | D:4      | Found a staircase to the Ecumenical Temple.
  2834 | D:4      | XOM: summons 3 friendly demons
  2868 | D:4      | Reached skill level 5 in Armour
  2993 | D:4      | XOM: polymorph worker ant -> killer bee
  2997 | D:4      | Reached XP level 8. HP: 66/76 MP: 8/8
  3247 | D:4      | Reached skill level 5 in Shields
  3352 | D:4      | XOM: cloud trail
  3420 | D:4      | Found a blossoming altar of Fedhas.
  3833 | D:4      | XOM: scenery: 1 doors close
  3880 | D:5      | Entered Level 5 of the Dungeon
  3914 | D:5      | Found a transporter.
  3919 | D:5      | Noticed barcode's ghost (amateur SpFi)
  3924 | D:5      | Found a transporter.
  3929 | D:5      | Got a sheer robe
  3930 | D:5      | Identified the +1 robe "Xalaul" {Str+4} (You found it on
                  | level 5 of the Dungeon)
  3959 | D:5      | Noticed Pikel
  3959 | D:5      | XOM: summons 2 friendly demons
  3969 | D:5      | Killed Pikel
  3969 | D:5      | Reached XP level 9. HP: 86/86 MP: 9/9
  4051 | D:5      | Noticed Menkaure
  4059 | D:5      | Killed Menkaure
  4097 | D:5      | XOM: harmless Hex miscast
  4116 | D:5      | XOM: stat loss: -1 Str (19/20)
  4184 | D:5      | XOM: destruction
  4235 | D:5      | Noticed Eustachio
  4261 | D:5      | Eustachio changed into Eustachio the crocodile
  4298 | D:5      | Noticed Prince Ribbit
  4322 | D:5      | Killed Prince Ribbit
  4322 | D:5      | Reached skill level 5 in Staves
  4706 | D:5      | XOM: harmless Hex miscast
  4726 | D:5      | Killed barcode's ghost
  4830 | D:6      | Found a glowing golden altar of the Shining One.
  4939 | D:6      | Reached XP level 10. HP: 96/96 MP: 11/11
  5011 | D:6      | Found an ancient bone altar of Kikubaaqudgha.
  5099 | D:6      | XOM: potion effect (agility)
  5428 | D:6      | Found a shadowy altar of Dithmenos.
  5619 | D:6      | XOM: summons 5 hostile demons
  5669 | D:7      | XOM: polymorph crimson imp -> quasit
  5704 | D:7      | XOM: divination: detect items
  5708 | D:7      | XOM: harmless Ice miscast
  5726 | D:7      | XOM: noise
  5736 | D:7      | XOM: cleaving
  5847 | D:7      | XOM: divination: magic mapping
  5851 | D:7      | XOM: silly message
  5898 | D:7      | XOM: god gift: 17 bolts
  6268 | D:7      | Found a bloodstained altar of Trog.
  6314 | D:7      | XOM: summons 2 friendly demons
  6327 | D:7      | Reached XP level 11. HP: 102/106 MP: 12/12
  6371 | D:7      | XOM: harmless Tmut miscast
  6467 | D:7      | XOM: god gift: scroll labeled RERONE JI QUKK {god gift}
  6641 | D:8      | Found a blossoming altar of Fedhas.
  6684 | D:8      | Found a sacrificial altar of Ru.
  6696 | D:8      | Found a radiant altar of Vehumet.
  6746 | D:8      | Identified Lyhuf's Easy Rites and Rhymes
  6773 | D:8      | Found a basalt altar of Yredelemnul.
  6958 | D:8      | Found a glowing silver altar of Zin.
  7100 | D:8      | Found a runed door.
  7101 | D:8      | Noticed bananovenc's ghost (novice GrBe)
  7266 | D:9      | Reached skill level 10 in Fighting
  7372 | D:9      | XOM: harmless Conj miscast
  7405 | D:9      | Found a staircase to the Lair.
  7473 | D:9      | XOM: summons friendly shadow imp
  7474 | D:9      | Reached skill level 10 in Armour
  7481 | D:9      | XOM: confuse monster(s)
  8026 | Lair:1   | Entered Level 1 of the Lair of Beasts
  8056 | Lair:1   | XOM: summons 7 friendly demons
  8070 | D:9      | XOM: polymorph polar bear -> hornet
  8078 | D:9      | Demolished by a spiny frog

Skill      XL: |  1  2  3  4  5  6  7  8  9 10 11 |
---------------+----------------------------------+-----
Armour         | 3 4 5 6 7 9 10 | 10.3
Shields        | 1 3 4 6 7 9 |  9.0
Fighting       | 4 5 6 7 8 9 10 | 10.6
Staves         | 1 2 4 5 7 8 |  8.5
Maces & Flails | |  3.0
Dodging        | |  0.8

Action                   |  1- 3 |  4- 6 |  7- 9 | 10-12 || total
-------------------------+-------+-------+-------+-------++-------
Melee: Mace              |    67 |    35 |       |       ||   102
       Kick              |     9 |    19 |    66 |   120 ||   214
       Quarterstaff      |       |    49 |   269 |   428 ||   746
 Abil: Dig               |     2 |     6 |     8 |     6 ||    22
  Use: Scroll            |     1 |     7 |     4 |     7 ||    19
       Potion            |       |     1 |       |     2 ||     3
 Stab: Paralysed         |       |     1 |     4 |     4 ||     9
       Confused          |       |       |       |     2 ||     2
       Petrified         |       |       |       |     2 ||     2
       Petrifying        |       |       |       |     1 ||     1
  Eat: Chunk             |       |     5 |     9 |    12 ||    26
Armor: Leather armour    |    25 |    17 |    24 |       ||    66
       Plate armour      |       |       |    37 |   127 ||   164
       Chain mail        |       |       |       |    21 ||    21
Dodge: Dodged            |    19 |    18 |    44 |    86 ||   167
Block: Shield            |    21 |    51 |   111 |   302 ||   485
